 Dungeon Crawl Stone Soup version 0.32-a0-913-g739538afd8 (webtiles) character file.

Game seed: 12790166979940452271

2870 ragingrage the Skirmisher (level 9, -4/55 HPs)
             Began as a Mummy Brigand on Apr 9, 2024.
             Was an Elder of Hepliaklqana.
             Slain by a hornet (6 damage)
             ... on level 7 of the Dungeon.
             The game lasted 00:08:18 (6216 turns).

ragingrage the Skirmisher (Mummy Brigand)           Turns: 6216, Time: 00:08:19

Health: -4/55      AC:  6    Str: 21    XL:     9   Next: 47%
Magic:  8/10       EV:  9    Int: 10    God:    Hepliaklqana [****..]
Gold:   463        SH:  0    Dex: 17    Spells: 8/8 levels left

rFire   x . .        b - +3 scimitar
rCold   + . .        (no shield)
rNeg    + + +        s - +0 ring mail
rPois   ∞            (no helmet)
rElec   .            q - +0 cloak
rCorr   .            (no gloves)
SInv    +            (no boots)
Will    +....        (no amulet)
Stlth   ++           j - +6 ring of strength
HPRegen 0.29/turn    x - ring of see invisible
MPRegen 0.12/turn

%: faith
@: no status effects
A: reduced essence, cold resistance 1, negative energy resistance 3, torment
resistance 2, heat vulnerability 1, in touch with death 1, no potions, faith
a: Renounce Religion, Recall Ancestor, Ancestor Identity, Transference, Idealise


You were on level 7 of the Dungeon.
You worshipped Hepliaklqana.
Hepliaklqana was greatly pleased with you.
You visited 1 branch of the dungeon, and saw 8 of its levels.

You collected 463 gold pieces.

Inventory:

Hand Weapons
 a - a +0 sling
 b - a +3 scimitar (weapon)
 c - a +2 dagger
 v - a +0 long sword
 z - a +4 dagger of speed
Missiles
 d - 7 poisoned darts (quivered)
 e - a curare-tipped dart
 o - 2 throwing nets
 r - 4 javelins
Armour
 l - a +2 scale mail of positive energy
 q - a +0 cloak (worn)
 s - a +0 ring mail (worn)
 A - an orb of mayhem
 B - a +2 chain mail of fire resistance
Magical Staves
 g - a staff of conjuration
Jewellery
 j - a +6 ring of strength (left hand)
 x - a ring of see invisible (right hand)
Wands
 k - a wand of flame (48)
 y - a wand of roots (10)
Scrolls
 f - 2 scrolls of fear
 h - a scroll of identify
 i - 3 scrolls of immolation
 m - 2 scrolls of noise
 n - a scroll of torment
 p - 9 scrolls of teleportation
 t - 2 scrolls of revelation
 u - a scroll of blinking
 w - a scroll of enchant armour


   Skills:
 + Level 2.8 Fighting
 - Level 3.9 Short Blades
 + Level 10.1 Ranged Weapons
 - Level 1.5 Throwing
 - Level 0.7 Dodging
 - Level 3.2 Stealth
 + Level 1.4 Invocations


You had 8 spell levels left.
You didn't know any spells.
Your spell library contained the following spells:

 Spells                   Type           Power      Damage    Failure   Level
 Mercury Vapours          Alch/Air       0%         N/A       67%         2
 Mephitic Cloud           Conj/Alch/Air  0%         N/A       88%         3
 Freezing Cloud           Conj/Ice/Air   0%         6-21      100%        5


Dungeon Overview and Level Annotations

Branches:
Dungeon (8/15)             Temple (0/1) D:4
   Lair: D:8-11

Altars:
Dithmenos
Fedhas
Hepliaklqana
Kikubaaqudgha
Ru
Sif Muna
Vehumet
Yredelemnul

Shops:
D:1 [

Annotations:
D:8 1 exclusion


Innate Abilities, Weirdness & Mutations

Your life essence is reduced to manifest your ancestor. (-10% HP)
You are immune to poison.
Your flesh is cold resistant. (rC+)
You are immune to negative energy. (rN+++)
You are immune to unholy pain and torment.
You are vulnerable to heat. (rF-)
You are in touch with the powers of death.
You do not drink.
You have a special connection with the divine. (Faith)


Message History

The hornet stings you.
You barely miss the hornet. The hornet stings you! The orc barely misses you.
The hornet stings you.
You hit the hornet. The hornet closely misses you. The orc closely misses you.
The hornet stings you but does no damage.
The orc hits you with a +0 whip.
You barely miss the hornet. The hornet closely misses you.
The orc hits you but does no damage. The hornet closely misses you.
You miss the hornet. The hornet closely misses you. The orc closely misses you.
The hornet stings you!
You slash the hornet! The hornet closely misses you.
The orc hits you with a +0 whip. The hornet closely misses you.
The orc hits you but does no damage.
Aiming: Fastroot
Press: ? - help, Shift-Dir - straight line, f/p - hornet
Aim: a hornet (almost dead)
The roots erupt in riotous growth!
Roots grab the hornet.
Roots grab the orc.
The grasping roots constrict the hornet, but do no damage.
The grasping roots constrict the orc.
You hear a shout! x5
The hornet stings you.
The orc misses you. 2 goblins come into view.
The grasping roots constrict the hornet.
The grasping roots constrict the orc!
You kill the orc!
The goblin shouts!
The hornet escapes!
The hornet closely misses you.
An orc comes into view. It is wielding a +0 short sword.
There is a stone staircase leading up here.
The hornet stings you!
* * * LOW HITPOINT WARNING * * *
You climb upwards.
There is a stone staircase leading down here.
You closely miss the hornet. The hornet stings you!
* * * LOW HITPOINT WARNING * * *
The hornet stings you.
You die...
Hepliaklqana delivers you to your ancestors.

##.#########.# #.##........[....
#.#...≈≈≈...# #.#####...###....
#...#######.###.######÷## #####
#.........#........###.#### #
#.#############...........#####
#.# #.##.##...)...... ###.#
#.##.##..##.##### ....#
##########.)[.....##.# ###
########....<...@.##..#####.# #..
.........########y##..# #.# #.#
.##########...........#####.# #.#
.# #.#####...........###.# .##
#.# #.###.########...
..#########.## #.# #............
#............####.###..#######...
....##......)............# ##.#
.#..##.......#.##.###.##.# #.#


You could see a hornet.

Vanquished Creatures
  Jeremiah (D:7)
  An orc warrior (D:7)
  Duvessa (D:4)
  A black bear (D:3)
  A bullfrog (D:7)
  2 wights (D:7)
  2 hounds
  A bombardier beetle (D:4)
  2 orc priests
  2 sleepcaps
  Terence (D:3)
  2 orc wizards
  2 gnolls (D:8)
  2 adders
  2 ribbon worms
  2 dart slugs
  17 orcs
  4 ball pythons
  6 endoplasms
  A giant cockroach (D:4)
  3 goblins (D:1)
  6 hobgoblins
  9 jackals
  6 kobolds
  A quokka (D:1)
  9 bats
  4 frilled lizards
  3 rats
94 creatures vanquished.

Vanquished Creatures (collateral kills)
  Grinder (D:3)
  A water moccasin (D:7)
  2 orc warriors (D:8)
  2 ice beasts (D:6)
  3 phantoms
  2 scorpions (D:6)
  6 wights (D:7)
  Dowan (D:4)
  A bombardier beetle (D:4)
  A hound (D:4)
  An orc priest (D:8)
  2 iguanas
  2 sleepcaps (D:6)
  5 orc wizards
  An adder (D:4)
  A shadow imp (D:7)
  A white imp (D:6)
  15 orcs
  A jackal (D:3)
  A quokka (D:2)
  A bat (D:3)
  A frilled lizard (D:3)
  2 goblins (D:4)
54 creatures vanquished.

Vanquished Creatures (others)
  3 knights
  An ancestor (D:3)
4 creatures vanquished.

Grand Total: 152 creatures vanquished

Notes
Turn   | Place    | Note
-------+----------+-------------------------------------------
     0 | D:1      | ragingrage the Mummy Brigand began the quest for the Orb.
     0 | D:1      | Reached XP level 1. HP: 16/16 MP: 1/1
    84 | D:1      | Reached XP level 2. HP: 3/22 MP: 2/2
   344 | D:1      | Found Sieph's Armour Boutique.
   967 | D:2      | Reached XP level 3. HP: 27/27 MP: 3/3
  1420 | D:2      | Found a faded altar of an unknown god.
  1448 | D:2      | Prayed at the altar of an unknown god.
  1448 | D:2      | Became a worshipper of Hepliaklqana the Forgotten
  1448 | D:2      | Reached * piety under Hepliaklqana
  1767 | D:3      | Found a blossoming altar of Fedhas.
  1769 | D:3      | Found a shimmering blue altar of Sif Muna.
  1801 | D:3      | Noticed Grinder
  1807 | D:3      | Paralysed by Grinder for 2 turns
  1900 | D:3      | Noticed Terence
  1905 | D:3      | Killed Terence
  1906 | D:3      | Reached XP level 4. HP: 29/29 MP: 4/4
  2242 | D:3      | Reached ** piety under Hepliaklqana
  2304 | D:3      | Remembered your ancestor Rickucun as a knight
  2413 | D:3      | Paralysed by Grinder for 4 turns
  2420 | D:3      | Paralysed by Grinder for 2 turns
  2593 | D:3      | Killed Grinder
  2594 | D:3      | Reached skill level 3 in Ranged Weapons
  2594 | D:3      | Reached XP level 5. HP: 25/34 MP: 3/5
  2594 | D:3      | Reached XP level 6. HP: 29/39 MP: 3/6
  2717 | D:4      | Reached skill level 4 in Ranged Weapons
  3307 | D:4      | Reached XP level 7. HP: 45/45 MP: 7/7
  3307 | D:4      | Noticed Duvessa
  3316 | D:4      | Noticed Dowan
  3320 | D:4      | Killed Duvessa
  3321 | D:4      | Reached skill level 5 in Ranged Weapons
  3426 | D:4      | Killed Dowan
  3531 | D:4      | Found a faded altar of an unknown god.
  3531 | D:4      | Found a basalt altar of Yredelemnul.
  3539 | D:4      | Found a sacrificial altar of Ru.
  3541 | D:4      | Found a faded altar of an unknown god.
  3543 | D:4      | Found a radiant altar of Vehumet.
  3619 | D:4      | Found a staircase to the Ecumenical Temple.
  3778 | D:5      | Entered Level 5 of the Dungeon
  3798 | D:5      | Reached skill level 6 in Ranged Weapons
  4048 | D:6      | Reached XP level 8. HP: 50/50 MP: 8/8
  4084 | D:6      | Found an ancient bone altar of Kikubaaqudgha.
  4162 | D:6      | Reached *** piety under Hepliaklqana
  4192 | D:6      | Reached skill level 7 in Ranged Weapons
  4420 | D:6      | HP: 1/50 [orc priest/divine providence (15)]
  4920 | D:6      | Found a shadowy altar of Dithmenos.
  5004 | D:7      | Reached skill level 8 in Ranged Weapons
  5255 | D:7      | Reached skill level 9 in Ranged Weapons
  5452 | D:7      | Reached XP level 9. HP: 54/54 MP: 9/9
  5456 | D:7      | Noticed Jeremiah
  5490 | D:7      | Killed Jeremiah
  6026 | D:8      | Reached skill level 10 in Ranged Weapons
  6096 | D:8      | Reached **** piety under Hepliaklqana
  6103 | D:8      | Reached skill level 1 in Invocations
  6216 | D:7      | HP: 2/55 [hornet (11)]
  6216 | D:7      | Slain by a hornet

Illustrated notes

Levels and vault maps discovered:
D:1:      ncdulo_halloftheorcs, layout_rooms, serial_shops, shop,
          solitary_fountain, roderic_serpentine_path, minivault_14
D:2:      layout_loops_ring, chequers_ecumenical_altar_simple_redux
D:3:      layout_loops_ring, chequers_temple_overflow_statue_of_worship,
          minmay_misc_feat_tower, uniq_terence, uniq_grinder
D:4:      layout_rooms, chequers_temple_overflow_minitemple, kennysheep_mini,
          minmay_temple_entry_drinking_statues, uniq_duvessa
D:5:      layout_basic, nicolae_wu_jian_wuxing_cycle, serial_shops, shop
D:6:      layout_loops_ring, nicolae_dithmenos_through_a_glass_darkly,
          nicolae_overflow_crystal_walls
D:7:      layout_loops_ring, corexii_corridor_pit, uniq_jeremiah
D:8:      minmay_cornered_nines, layout_cave_pools, amcnicky_altar_gilded,
          lightli_temple_of_fire, enter_bailey_5, uniq_gastronok

Skill      XL: |  1  2  3  4  5  6  7  8  9 |
---------------+----------------------------+-----
Short Blades   | 2 3 |  3.9
Ranged Weapons | 3 4 6 9 10 | 10.1
Invocations    | 1 |  1.4
Fighting       | |  2.8
Throwing       | |  1.5
Dodging        | |  0.7
Stealth        | |  3.2

Action                     |  1- 3 |  4- 6 |  7- 9 || total
---------------------------+-------+-------+-------++-------
  Melee: Dagger            |   184 |    40 |       ||   224
         Long sword        |       |     2 |       ||     2
         Sling             |       |       |     4 ||     4
         Scimitar          |       |       |    11 ||    11
   Fire: Sling             |       |    22 |   322 ||   344
  Throw: Dart              |     9 |     9 |    10 ||    28
         Javelin           |       |     4 |     2 ||     6
 Invoke: Recall Ancestor   |       |     5 |     7 ||    12
         Ancestor Life: Kn |       |     1 |       ||     1
  Evoke: Wand              |       |       |     1 ||     1
    Use: Scroll            |       |     3 |     5 ||     8
   Stab: Distracted        |     1 |       |       ||     1
         Sleeping          |     3 |       |       ||     3
 Armour: Robe              |    26 |       |       ||    26
         Ring mail         |    87 |    19 |    84 ||   190
         Scale mail        |       |    33 |       ||    33
  Dodge: Dodged            |    84 |    27 |    49 ||   160

Table legend: (Time is in decaauts)
 A = Elapsed time spent in this place.
 B = Non-inter-level travel time spent in this place.
 C = Inter-level travel time spent in this place.
 D = Time resting spent in this place.
 E = Time spent auto-exploring this place.
 F = Levels seen in this place.
 G = Mean time per level.
                   A        B        C        D        E       F      G
               +--------+--------+--------+--------+--------+-----+--------+
         Total |   6216 |   5954 |    262 |   1059 |   3451 |   8 |  777.0 |
       Dungeon |   6216 |   5954 |    262 |   1059 |   3451 |   8 |  777.0 |
               +--------+--------+--------+--------+--------+-----+--------+

Top non-repeatable levels by time:
     D:3: 1144 daAuts
     D:7: 1111 daAuts
     D:6: 1058 daAuts
     D:1: 895 daAuts
     D:2: 858 daAuts
     D:4: 855 daAuts
     D:5: 151 daAuts
     D:8: 142 daAuts
